 Dungeon Crawl Stone Soup version 0.29.1-2-gbd0b4ee654 (webtiles) character file.

Game seed: 5560995114334180008

1334 H0rd4k the Insei (level 8, -7/54 HPs)
             Began as an Octopode Artificer on Nov 30, 2022.
             Killed from afar by a white imp (9 damage)
             ... with a puff of frost
             ... on level 6 of the Dungeon.
             The game lasted 00:06:59 (6577 turns).

H0rd4k the Insei (Octopode Artificer)               Turns: 6577, Time: 00:07:00

Health: -7/54      AC:  1    Str: 17    XL:     8   Next: 61%
Magic:  14/14      EV: 13    Int: 16    God:
Gold:   127        SH:  0    Dex: 12    Spells: 15/15 levels left

rFire   . . .      SeeInvis .     - Unarmed
rCold   . . .      Faith    .   (no shield)
rNeg    . . .      Spirit   .   (helmet restricted)
rPois   .          Reflect  .   (no amulet)
rElec   .          Harm     .   g - +6 ring of strength
rCorr   .          Rampage  .   (no ring)
Will    .....                   (no ring)
Stlth   +++.......              (no ring)
HPRegen 0.18/turn               (no ring)
MPRegen 0.14/turn               (no ring)
                                (no ring)
                                (no ring)

@: mighty
A: almost no armour, amphibious, 8 rings, camouflage 1, gelatinous body 1,
(nimble swimmer 1), tentacles
a: no special abilities


You were on level 6 of the Dungeon.
You visited 1 branch of the dungeon, and saw 6 of its levels.

You collected 127 gold pieces.

Inventory:

Missiles
 j - a throwing net
 x - 8 poisoned darts (quivered)
Armour
 o - an orb of guile
Magical Staves
 q - a staff of poison
Jewellery
 g - a +6 ring of strength (left tentacle)
Wands
 b - a wand of flame (6)
 c - a wand of charming (21)
 d - a wand of iceblast (12)
Scrolls
 e - a scroll of enchant weapon {unknown}
 f - 6 scrolls of identify {unknown}
 h - 2 scrolls of immolation
 i - a scroll of poison {unknown}
 l - 2 scrolls of amnesia {unknown}
 r - 2 scrolls of fear {unknown}
 s - a scroll of blinking {unknown}
 t - a scroll of butterflies {unknown}
Potions
 a - a potion of attraction {unknown}
 k - a potion of might
 m - a potion of haste {unknown}
 n - a potion of degeneration {unknown}
 p - a potion of flight {unknown}
 u - a potion of heal wounds {unknown}
 v - 2 potions of mutation {unknown}
 w - a potion of curing {unknown}
 z - a potion of invisibility {unknown}
 A - a potion of cancellation {unknown}


   Skills:
 * Level 4.5 Fighting
 + Level 0.6 Throwing
 - Level 2.3 Dodging
 - Level 1.3 Stealth
 + Level 7.7 Unarmed Combat
 * Level 4.0 Spellcasting
 - Level 3.2 Evocations


You had 15 spell levels left.
You didn't know any spells.
Your spell library contained the following spells:

 Spells                   Type           Power      Damage    Failure   Level
 Ensorcelled Hibernation  Hex/Ice        6%         N/A       26%         2
 Static Discharge         Conj/Air       3%         3-4/arc   26%         2
 Conjure Flame            Conj/Fire      3%         6-21      45%         3
 Frozen Ramparts          Ice            6%         1d1       45%         3
 Ignite Poison            Fire/Tmut/Pois 3%         N/A       45%         3
 Mephitic Cloud           Conj/Pois/Air  3%         N/A       45%         3
 Summon Guardian Golem    Hex/Summ       3%         N/A       45%         3
 Dispel Undead            Necr           3%         3d7       86%         4
 Ice Form                 Ice/Tmut       3%         N/A       86%         4
 Sticky Flame             Conj/Fire      3%         2d3       86%         4
 Summon Ice Beast         Ice/Summ       3%         N/A       86%         4
 Metabolic Englaciation   Hex/Ice        1%         N/A       99%         5
 Silence                  Hex/Air        1%         N/A       99%         5


Dungeon Overview and Level Annotations

Branches:
Dungeon (6/15)
 Temple: D:4-7

Altars:
Trog
Vehumet
Zin

Annotations:
D:2 1 runed translucent door, exclusions: door and downstairs, Crazy Yiuf
D:3 1 runed translucent door, exclusions: door and downstairs, noe's ghost, amateur MiGl


Innate Abilities, Weirdness & Mutations

You cannot wear most types of armour.
You are amphibious.
You can wear up to eight rings at the same time.
Your skin changes colour to match your surroundings (Stealth+).
Your rubbery body absorbs attacks. (AC +1, EV +1)
((You are camouflaged when in or above water. (Stealth+)))
You have tentacles for arms and can constrict up to eight enemies at once.


Message History

t - Shout!
Orders for allies: a - Attack new target. p - Attack previous target. r - Retreat! s - Stop attacking. g - Guard the area. f - Follow me.
Anything else - Cancel.
Guard this area!
The centaur shouts!
Something shouts, "Remove thy stench, thou bawdy crook-pated slabber!"
The centaur wields a +0 shortbow.
The centaur shoots an arrow.
The arrow hits you!
A white imp comes into view.
You feel a bit more experienced.
The centaur shoots an arrow.
The arrow hits you!
The centaur shoots an arrow.
The arrow hits you! The white imp gestures at you. The puff of frost hits you.
* * * LOW HITPOINT WARNING * * *
The centaur shoots an arrow.
The arrow closely misses you.
You feel a bit more experienced.
There is an escape hatch in the floor here.
The centaur unwields a +0 shortbow.
The centaur closely misses you. x2
You feel a bit more experienced.
You tentacle-slap the centaur.
The centaur is lightly wounded.
The centaur hits you.
* * * LOW HITPOINT WARNING * * *
The centaur kicks you.
* * * LOW HITPOINT WARNING * * *
The white imp hits you.
* * * LOW HITPOINT WARNING * * *
The white imp freezes you.
* * * LOW HITPOINT WARNING * * *
The centaur barely misses you. The centaur kicks you.
* * * LOW HITPOINT WARNING * * *
It was a potion of might.
You feel very mighty all of a sudden. The centaur closely misses you.
The centaur completely misses you. The white imp gestures at you.
The puff of frost hits you!
You die...

.... ...# ...###
######## .....##
###......# ## .......
.........# ...
...>.#######....c.# .!..
.......#.......>@5#.....
................>.......
..................#.....
..................# ....
..............<...# ...
...............#### ..
...............# .
...............#
......$#...$.#..


You could see a centaur and a white imp.

Vanquished Creatures
  Grinder (D:3)
  An orc warrior (D:5)
  An ogre (D:5)
  2 phantoms
  4 scorpions
  2 howler monkeys
  3 hounds (D:5)
  A jelly (D:5)
  2 orc priests (D:5)
  An iguana (D:4)
  4 gnolls (D:4)
  5 adders
  A white imp (D:5)
  2 worms
  4 dart slugs
  13 orcs
  11 endoplasms
  2 giant cockroaches
  10 goblins
  10 hobgoblins
  6 jackals
  7 kobolds
  5 quokkas
  11 ball pythons
  9 bats
  A frilled lizard (D:1)
  3 rats
122 creatures vanquished.

Vanquished Creatures (collateral kills)
  A scorpion (D:3)
  An orc wizard (D:6)
  2 orcs (D:6)
4 creatures vanquished.

Vanquished Creatures (others)
  3 plants (D:2)
3 creatures vanquished.

Grand Total: 129 creatures vanquished

Notes
Turn   | Place    | Note
-------+----------+-------------------------------------------
     0 | D:1      | H0rd4k the Octopode Artificer began the quest for the Orb.
     0 | D:1      | Reached XP level 1. HP: 13/13 MP: 1/1
   397 | D:1      | Reached XP level 2. HP: 18/18 MP: 3/3
   444 | D:1      | Reached skill level 1 in Spellcasting
   892 | D:1      | Reached XP level 3. HP: 8/24 MP: 3/5
  1431 | D:1      | Reached skill level 1 in Unarmed Combat
  2306 | D:2      | Reached XP level 4. HP: 26/29 MP: 6/6
  2663 | D:2      | Reached skill level 2 in Unarmed Combat
  3107 | D:2      | Found a faded altar of an unknown god.
  3215 | D:2      | Found a runed translucent door.
  3216 | D:2      | Noticed Crazy Yiuf
  3240 | D:3      | Noticed Grinder
  3240 | D:3      | Noticed a scorpion
  3254 | D:3      | Killed a scorpion
  3255 | D:3      | Reached XP level 5. HP: 35/35 MP: 8/8
  3395 | D:3      | Found a radiant altar of Vehumet.
  3399 | D:3      | Reached skill level 3 in Unarmed Combat
  3496 | D:3      | Killed Grinder
  3497 | D:3      | Reached skill level 4 in Unarmed Combat
  3497 | D:3      | Reached XP level 6. HP: 37/42 MP: 8/10
  3661 | D:3      | Found a runed translucent door.
  3661 | D:3      | Noticed noe's ghost (amateur MiGl)
  4003 | D:4      | Got the Catalogue of Lightning and Ensorcelling
  4050 | D:4      | Reached XP level 7. HP: 29/46 MP: 11/11
  4256 | D:4      | Reached skill level 5 in Unarmed Combat
  5056 | D:5      | Entered Level 5 of the Dungeon
  5085 | D:5      | Reached skill level 6 in Unarmed Combat
  5337 | D:5      | Reached XP level 8. HP: 46/54 MP: 13/13
  5942 | D:5      | Reached skill level 7 in Unarmed Combat
  6041 | D:5      | Found a bloodstained altar of Trog.
  6047 | D:5      | Found a glowing silver altar of Zin.
  6569 | D:6      | Noticed a cyclops
  6576 | D:6      | HP: 2/54 [centaur (1)]
  6577 | D:6      | Killed from afar by a white imp

Illustrated notes

Levels and vault maps discovered:
D:1:      tarquinn_simple_flora_water_a, layout_loops_ring
D:2:      layout_basic, serial_bayou, serial_bayou_pond_c, serial_bayou_pond_d,
          serial_bayou_shore_b, serial_bayou_pond_b,
          shapermc_ecumenical_altar_acropolis, uniq_crazy_yiuf_cottage
D:3:      layout_rooms, nicolae_vehumet_radiance, ebering_ghost_inner_flame,
          corexii_hall_statues_s, uniq_grinder
D:4:      layout_rooms, minmay_misc_feat_enclosed
D:5:      layout_rooms, mainiacjoe_overflow_big_doors, serial_rivers,
          chequers_serial_rivers_small_a, chequers_serial_rivers_room_b,
          chequers_serial_rivers_marsh, chequers_serial_rivers_micro_b
D:6:      layout_rooms, amcnicky_altar_gilded, minmay_temple_entry_hall,
          uniq_blork_the_orc

Skill      XL: |  1  2  3  4  5  6  7  8 |
---------------+-------------------------+-----
Spellcasting   | 1 2 3 4 |  4.0
Fighting       | 2 3 4 |  4.5
Unarmed Combat | 1 2 4 6 7 |  7.7
Throwing       | |  0.6
Dodging        | |  2.3
Stealth        | |  1.3
Evocations     | |  3.2

Action                   |  1- 3 |  4- 6 |  7- 9 || total
-------------------------+-------+-------+-------++-------
Melee: Unarmed           |   118 |    94 |   103 ||   315
       Constrict         |    33 |    20 |    28 ||    81
       Tentacles         |    26 |    21 |    25 ||    72
       Punch             |       |     1 |    10 ||    11
Throw: Dart              |       |       |     5 ||     5
Evoke: Wand              |       |     5 |    10 ||    15
  Use: Potion            |       |       |     1 ||     1
 Stab: Sleeping          |    10 |     4 |     2 ||    16
       Distracted        |       |       |     1 ||     1
Armor: Skin              |    22 |    10 |     3 ||    35
Dodge: Dodged            |   119 |    55 |    54 ||   228
